Map: Traitor's Exile

Players

Archie

  • Race: Terran Terran
  • Spawn Location: 5:00

NotinTime

  • Race: Zerg Zerg
  • Spawn Location: 6:00

PureLegacy - Winner!

  • Race: Terran Terran
  • League: Master
  • Spawn Location: 12:00

XogGyux - Winner!

  • Race: Protoss Protoss
  • Spawn Location: 9:00

VOD

Have the link to the VOD?

Description

Time

  • Played on: Dec. 2, 2018, 3:55 p.m.
  • Length: 3:23
Show
View Real Time Build Order
Export as new Build Order

Archie Terran 

Build Orders:  

Get SALT Encoding   

  12  0:02  SCV  
  13  0:15  SCV  
  14  0:27  SCV  
  15  0:31  Supply Depot  
  15  0:50  Refinery  
  15  0:52  SCV  
  15  0:54  Barracks  
  16  1:04  SCV  
  17  1:16  SCV  
  18  1:26  Supply Depot  
  18  1:29  SCV  
  19  1:41  Marine  
  19  1:44  Orbital Command  
  20  1:48  Refinery  
  20  1:59  Marine  
  21  2:06  Command Center  
  21  2:11  SCV  
  22  2:17  Marine  
  23  2:23  SCV  
  23  2:28  Factory  
  24  2:35  Marine  
  23  2:52  Marine  
  24  3:01  SCV  
  25  3:05  Supply Depot  
Show
View Real Time Build Order
Export as new Build Order

NotinTime Zerg 

Build Orders: Pool First 

Get SALT Encoding   

  12  1:21  Drone  
  12  1:22  Drone  
  12  1:24  Overlord  
  14  1:39  Extractor  
  13  1:40  Drone  
  13  1:44  Drone  
  17  1:54  Drone  
  17  1:56  Spawning Pool  
  17  2:00  Extractor  
  15  2:06  Drone  
  16  2:15  Hatchery  
  15  2:21  Drone  
  16  2:28  Drone  
  17  2:41  Overlord  
  17  2:46  Queen  
  17  2:48  Zergling x2  
  20  3:04  Zergling x2  
Show
View Real Time Build Order
Export as new Build Order

PureLegacy Terran - Winner!

Build Orders:  

Get SALT Encoding   

  12  0:01  SCV  
  13  0:14  SCV  
  13  0:18  Supply Depot  
  14  0:26  SCV  
  15  0:30  Refinery  
  15  0:40  SCV  
  16  0:48  Barracks  
  16  0:52  SCV  
  17  1:05  Barracks  
  17  1:20  Barracks  
  17  1:25  SCV  
  18  1:36  Reaper  
  19  1:41  Orbital Command  
  19  1:51  Refinery  
  19  1:53  Reaper  
  20  2:03  Supply Depot  
  20  2:10  Reaper  
  20  2:11  Reaper  
  20  2:14  SCV  
  23  2:25  Supply Depot  
  23  2:26  Reaper  
  23  2:29  SCV  
  25  2:41  SCV  
  25  2:42  Reaper  
  27  2:49  Reaper  
  28  2:53  SCV  
  30  3:06  SCV  
Show
View Real Time Build Order
Export as new Build Order

XogGyux Protoss - Winner!

Build Orders:  

Get SALT Encoding   

  12  0:03  Probe  
  13  0:15  Probe  
  14  0:27  Probe  
  15  0:28  Pylon  
  15  0:38  Assimilator  
  15  0:46  Probe  
  15  0:48  Gateway  
  16  0:58  Probe  
  17  1:07  Pylon  
  17  1:10  Probe  
  18  1:22  Probe  
  19  1:31  Gateway  
  19  1:35  Probe  
  19  1:37  Cybernetics Core  
  20  1:47  Probe  
  21  1:56  Gateway  
  21  2:00  Probe  
  22  2:04  Pylon  
  22  2:08  Assimilator  
  22  2:14  Adept  
  24  2:20  Adept  
  26  2:31  Twilight Council  
  26  2:42  Gateway  
  26  2:47  Adept  
  28  2:53  Adept  
  32  3:11  Pylon  
Tags
 
Add a new tag
Caveats
  • Supply blocks, unpowered buildings, or Contaminate may cause inaccurate times.
  • Supply counts are checked every 10 seconds.